 Dungeon Crawl Stone Soup version 0.24.0-125-gc4c63601f3 (webtiles) character file.

Game seed: 17988438365433965389, levelgen mode: deterministic

1633 Mesmaeker13 the Ducker (level 8, -8/46 HPs)
             Began as an Octopode Wizard on Feb 18, 2020.
             Was an Initiate of Sif Muna.
             Mangled by a wight
             ... wielding a cursed +0 long sword
              (13 damage)
             ... on level 6 of the Dungeon.
             The game lasted 00:20:46 (9574 turns).

Mesmaeker13 the Ducker (Octopode Wizard)            Turns: 9574, Time: 00:20:47

Health: -8/46      AC:  1    Str:  7    XL:     8   Next: 98%
Magic:  3/14       EV: 15    Int: 22    God:    Sif Muna [......]
Gold:   307        SH:  0    Dex: 10    Spells: 9/15 levels left

rFire    . . .     SeeInvis .   r - +1 dagger (freeze)
rCold    . . .     Gourm    .   (no shield)
rNeg     . . .     Faith    .   a - +0 hat
rPois    .         Spirit   .   (no amulet)
rElec    .         Reflect  .   k - ring of wizardry
rCorr    .         Harm     .   (no ring)
MR       .....                  (no ring)
Stlth    +++.......             (no ring)
HPRegen  0.15/turn              (no ring)
MPRegen  0.14/turn              (no ring)
                                (no ring)
                                (no ring)

@: about to teleport, lightly drained
A: almost no armour, stealthy swim, amphibious, 8 rings, constrict 8, camouflage
1, gelatinous body 1
a: Renounce Religion


You were on level 6 of the Dungeon.
You worshipped Sif Muna.
Sif Muna was noncommittal.
You were not hungry.

You visited 2 branches of the dungeon, and saw 8 of its levels.
You also visited: Sewer.

You collected 307 gold pieces.

Inventory:

Hand Weapons
 l - a +0 spear
 m - a +3 dagger of speed
 r - a +1 dagger of freezing (weapon)
Missiles
 d - 26 boomerangs (quivered)
 q - 3 javelins
 y - 2 throwing nets
Armour
 a - a +0 hat (worn)
Magical Staves
 D - an uncursed staff of poison
Jewellery
 k - a ring of wizardry (left tentacle)
 B - an uncursed amulet of faith {unknown}
Wands
 w - a wand of iceblast (2)
 z - a wand of clouds (6)
Scrolls
 e - 2 scrolls of noise {unknown}
 f - 3 scrolls of enchant weapon
 g - a scroll of teleportation
 j - 2 scrolls of magic mapping
 n - 3 scrolls of remove curse
 s - 2 scrolls of blinking {unknown}
 t - a scroll of silence {unknown}
 A - 2 scrolls of fear {unknown}
 C - a scroll of amnesia {unknown}
 G - a scroll of random uselessness {unknown}
Potions
 b - 2 potions of heal wounds
 h - 3 potions of mutation
 i - a potion of ambrosia {unknown}
 o - a potion of might {unknown}
 p - 2 potions of brilliance {unknown}
 u - a potion of lignification {unknown}
 v - a potion of degeneration {unknown}
 x - 3 potions of curing {unknown}
 F - 2 potions of haste {unknown}
Comestibles
 c - 8 rations
 E - 12 chunks of flesh


   Skills:
 + Level 6.4(6.1) Dodging
 - Level 2.6(2.4) Stealth
 - Level 4.0(3.7) Spellcasting
 + Level 6.1(5.8) Conjurations
 - Level 4.0(3.7) Summonings
   Level 1.0(0.7) Translocations
 + Level 1.7(1.4) Air Magic
 - Level 4.1(3.8) Poison Magic
 + Level 1.2(1.0) Invocations


You had 9 spell levels left.
You knew the following spells:

 Your Spells              Type           Power        Failure   Level  Hunger
a - Magic Dart            Conj           ####         1%          1    None
b - Call Imp              Summ           ###.....     1%          2    #......
c - Mephitic Cloud        Conj/Pois/Air  ###.....     3%          3    ###....

Your spell library contained the following spells:

 Spells                   Type           Power        Failure   Level  Hunger
 Beastly Appendage        Tmut           #.....       4%          1    None
 Conjure Flame            Conj/Fire      ###.....     4%          3    ###....
 Blink                    Tloc           N/A          5%          2    #......
 Spider Form              Tmut/Pois      ##........   6%          3    ###....
 Slow                     Hex            #.......     7%          2    #......
 Sticks to Snakes         Tmut           #.......     7%          2    #......
 Ice Form                 Ice/Tmut       #.......     41%         4    ####...
 Blade Hands              Tmut           #.........   75%         5    ######.


Dungeon Overview and Level Annotations

Branches:
Dungeon (7/15)             Temple (1/1) D:5           Sewer (visited)

Altars:
Ashenzari
Elyvilon
Fedhas
Kikubaaqudgha
Okawaru
Qazlal
Ru
Sif Muna
Trog
Uskayaw
Xom
Yredelemnul
Zin
The Shining One
Lugonu

Annotations:
D:6 Prince Ribbit


Innate Abilities, Weirdness & Mutations

You cannot wear most types of armour.
You are very stealthy in the water. (Stealth+)
You are amphibious.
You can wear up to eight rings at the same time.
You can use your tentacles to constrict eight enemies at once.
Your skin changes colour to match your surroundings (Stealth+).
Your rubbery body absorbs attacks. (AC +1, EV +1)


Message History

There is a stone staircase leading down, spattered with blood here.
As you read the scroll of teleportation, it crumbles to dust.
You feel strangely unstable.
Prince Ribbit blinks!
The worker ant bites you. The howler monkey barely misses you.
The orc closely misses you. The crimson imp hits you.
The wight hits you with a cursed +0 long sword.
You feel drained. The worker ant bites you!
* * * LOW HITPOINT WARNING * * *
The howler monkey hits you.
* * * LOW HITPOINT WARNING * * *
Unknown command.
You barely miss the worker ant. Your grab misses the worker ant.
The howler monkey closely misses you. The worker ant bites you.
* * * LOW HITPOINT WARNING * * *
The crimson imp blinks!
The orc misses you.
Unknown command.
Unknown command.
Unknown command.
The wight hits you with a cursed +0 long sword!
You die...

,,,,,,,,,*,*a.#####.,,,**
,,,,,,,,..<....#.....,,,*
**,*#,,##...........,*,,*
**..#..............##****
*#.....*#......##...###
*......##......#......###
,.........$.............#
,,#.$...........zho....##
.,...........5.z@>#....# #######
,..,##.....#....a##...####.....##
,,#.#......#.....##...###........
,*#..........z.........#.#.....##
,#...#.......z....#...........###
,...*#....#......##...)##........
,,,,*##...##.....#......##.......
,,,,,#.....#...##................
,,,,....#..#...............#.....


You could see a howler monkey, a worker ant, 4 wights, a crimson imp and an orc.

Vanquished Creatures
  A hungry ghost (D:7)
  2 phantoms
  A black bear (D:6)
  An ice beast (D:6)
  A centaur (D:6)
  3 bullfrogs
  2 jellies
  An orc priest (D:3)
  A bullfrog skeleton (D:5)
  A gnoll shaman (D:5)
  2 orc wizards
  4 worker ants
  A hound zombie (D:7)
  4 gnolls (D:5)
  6 adders
  8 oozes
  3 worms
  2 dart slugs
  14 leopard geckos
  15 orcs
  9 bats
  12 giant cockroaches
  12 hobgoblins
  6 jackals
  4 quokkas
  10 ball pythons
  16 frilled lizards
  A giant cockroach zombie (D:5)
  4 goblins
  7 kobolds
  7 rats
161 creatures vanquished.

Vanquished Creatures (collateral kills)
  Sigmund (D:3)
  An ogre (D:6)
  Blork the orc (D:4)
  A bullfrog (D:7)
  A crimson imp (D:7)
  A gnoll shaman (D:5)
  3 orc wizards
  A worker ant (D:6)
  3 gnolls (D:5)
  An adder (D:4)
  3 oozes (Sewer)
  2 worms (D:2)
  11 orcs
  4 giant cockroaches (Sewer)
  A hobgoblin (D:2)
  2 ball pythons
  2 frilled lizards (Sewer)
  A quokka skeleton (D:4)
40 creatures vanquished.

Grand Total: 201 creatures vanquished

Notes
Turn   | Place    | Note
-------+----------+-------------------------------------------
     0 | D:1      | Mesmaeker13 the Octopode Wizard began the quest for the
                  | Orb.
     0 | D:1      | Reached XP level 1. HP: 11/11 MP: 4/4
   494 | D:1      | Reached XP level 2. HP: 17/17 MP: 3/6
   784 | D:1      | Learned a level 2 spell: Call Imp
  1798 | D:2      | Reached XP level 3. HP: 21/21 MP: 5/7
  1808 | D:2      | Found a hide-covered altar of Uskayaw.
  1808 | D:2      | Noticed a +0 hand axe
  1808 | D:2      | Noticed a +0 hand axe
  2384 | D:2      | Found a shattered altar of Ashenzari.
  2877 | D:2      | Reached XP level 4. HP: 27/27 MP: 5/9
  3168 | D:2      | Found a stormy altar of Qazlal.
  3170 | D:2      | Found a blossoming altar of Fedhas.
  3656 | D:3      | Found a glowing drain.
  3956 | Sewer    | Entered a sewer
  4222 | Sewer    | Reached XP level 5. HP: 31/31 MP: 7/10
  4945 | Sewer    | Learned a level 3 spell: Mephitic Cloud
  5052 | Sewer    | Reached XP level 6. HP: 35/36 MP: 3/12
  5408 | D:3      | Noticed Sigmund
  5795 | D:3      | Killed Sigmund
  6082 | D:3      | Reached XP level 7. HP: 33/41 MP: 5/13
  6856 | D:4      | Found an iron altar of Okawaru.
  7197 | D:4      | Noticed Blork the orc
  7234 | D:4      | Killed Blork the orc
  7359 | D:4      | Reached skill level 1 in Poison Magic
  7444 | D:4      | Found an ancient bone altar of Kikubaaqudgha.
  7496 | D:4      | Reached skill level 5 in Dodging
  7838 | D:5      | Entered Level 5 of the Dungeon
  7872 | D:5      | Found a staircase to the Ecumenical Temple.
  7878 | Temple   | Entered the Ecumenical Temple
  7890 | Temple   | Became a worshipper of Sif Muna the Loreminder
  7995 | D:5      | Reached XP level 8. HP: 46/46 MP: 8/14
  8075 | D:5      | Found a sacrificial altar of Ru.
  8343 | D:5      | Reached skill level 5 in Conjurations
  8823 | D:5      | You fall into a shaft and drop 2 floors!
  9171 | D:7      | Found a basalt altar of Yredelemnul.
  9329 | D:6      | Reached skill level 1 in Air Magic
  9469 | D:6      | Reached skill level 1 in Invocations
  9571 | D:6      | Noticed Prince Ribbit
  9574 | D:6      | Mangled by a wight

Levels and vault maps discovered:
D:1:      minmay_arrival_cross, layout_basic
D:2:      layout_loops_ring, grunt_temple_overflow_forces_of_nature,
          dancing_weapons_uskayaw, ashenzari_altar_1, minmay_tromino_i4
D:3:      layout_basic, cheibrodos_sewer_entry_bend, uniq_sigmund
D:4:      layout_cave_pools, okawaru_trees_1, overflow_temple_1_default,
          uniq_blork_the_orc
D:5:      layout_loops_cross, hangedman_ru_absence, minmay_temple_entry_hall,
          first_ration, basic_altar
D:6:      layout_cave_pools, nicolae_ossuary_entry_plus, uniq_prince_ribbit1
D:7:      cheibrodos_steamvent, layout_rooms, yredelemnul_altar_generic,
          marbit_many_paths
Temple:   corrupted_temple

Skill      XL: |  1  2  3  4  5  6  7  8 |
---------------+-------------------------+-----
Conjurations   | 2 3 4 6 |  6.1
Dodging        | 3 4 5 6 |  6.4
Summonings     | 2 3 4 |  4.0
Spellcasting   | 4 |  4.0
Poison Magic   | 1 4 |  4.1
Air Magic      | 1 |  1.7
Invocations    | 1 |  1.2
Stealth        | |  2.6
Translocations | |  1.0

Action                   |  1- 3 |  4- 6 |  7- 9 || total
-------------------------+-------+-------+-------++-------
Melee: Short sword       |     8 |       |       ||     8
       Constrict         |     8 |    14 |    16 ||    38
       Spear             |    16 |    90 |       ||   106
       Tentacles         |     1 |     8 |     7 ||    16
       Dagger            |       |    13 |    52 ||    65
 Cast: Magic Dart        |    94 |   135 |   163 ||   392
       Call Imp          |     6 |    25 |    33 ||    64
       Mephitic Cloud    |       |     3 |     9 ||    12
Evoke: Wand              |       |       |     1 ||     1
  Use: Scroll            |     2 |     2 |     4 ||     8
 Stab: Sleeping          |       |     2 |     5 ||     7
       Distracted        |       |     1 |       ||     1
       Confused          |       |       |     1 ||     1
  Eat: Chunk             |     6 |     7 |    11 ||    24
       Ration            |       |     1 |     1 ||     2
Armor: Skin              |     4 |     8 |     1 ||    13
Dodge: Dodged            |    19 |    71 |    65 ||   155
